 Dungeon Crawl Stone Soup version 0.29.1-1-gd02db6906a (webtiles) character file.

Game seed: 5994813656240594149

62 Demigod47 the Trooper (level 3, -13/45 HPs)
             Began as a Demonspawn Abyssal Knight on Oct 10, 2022.
             Was a Priest of Lugonu.
             Killed from afar by a steam dragon (14 damage)
             ... with a ball of steam
             ... on level 3 of the Dungeon.
             The game lasted 00:03:51 (2520 turns).

Demigod47 the Trooper (Demonspawn Abyssal Knight)   Turns: 2520, Time: 00:03:52

Health: -13/45     AC:  6    Str: 13    XL:     3   Next: 85%
Magic:  4/4        EV:  9    Int: 11    God:    Lugonu [***...]
Gold:   149        SH:  0    Dex: 15    Spells: 2/2 levels left

rFire   . . .      SeeInvis .   d - +2 dagger (drain)
rCold   + . .      Faith    .   (no shield)
rNeg    . . .      Spirit   .   p - +0 scale mail
rPois   .          Reflect  .   (no helmet)
rElec   .          Harm     .   (no cloak)
rCorr   .          Rampage  .   (no gloves)
Will    .....                   (no boots)
Stlth   ..........              (no amulet)
HPRegen 0.15/turn               u - ring of protection from cold
MPRegen 0.18/turn               (no ring)

@: berserking, weak-willed, very quick
A: magic regeneration
a: Renounce Religion, Depart the Abyss, Bend Space, Banish


You were on level 3 of the Dungeon.
You worshipped Lugonu.
Lugonu was most pleased with you.
You visited 1 branch of the dungeon, and saw 4 of its levels.
You visited the Abyss 1 time.

You collected 149 gold pieces.

Inventory:

Hand Weapons
 a - a +1 short sword
 d - a +2 dagger of draining (weapon)
Armour
 b - a +0 leather armour
 j - a +0 ring mail
 p - a +0 scale mail (worn)
Jewellery
 u - a ring of protection from cold (left hand)
 w - a +6 ring of intelligence
Scrolls
 c - a scroll of fog {unknown}
 h - 2 scrolls of blinking {unknown}
 i - a scroll of noise {unknown}
 l - a scroll of summoning {unknown}
 n - 2 scrolls of vulnerability
 q - a scroll of brand weapon {unknown}
Potions
 e - a potion of cancellation {unknown}
 g - a potion of flight {unknown}
 k - a potion of might {unknown}
 m - 2 potions of brilliance
 o - a potion of curing {unknown}
 r - a potion of degeneration {unknown}
 s - 2 potions of magic {unknown}
 t - a potion of berserk rage
 v - a potion of lignification {unknown}


   Skills:
 + Level 3.8 Fighting
 + Level 2.7 Short Blades
 + Level 2.2 Armour
 + Level 1.0 Dodging
 + Level 0.2 Stealth
 + Level 2.4 Invocations


You had 2 spell levels left.
You didn't know any spells.
Your spell library contained the following spells:

 Spells                   Type           Power      Damage    Failure   Level
 Slow                     Hex            0%         N/A       86%         1
 Confusing Touch          Hex            0%         N/A       99%         3
 Vampiric Draining        Necr           0%         2d6       99%         3


Dungeon Overview and Level Annotations

Branches:
Dungeon (4/15)
 Temple: D:4-7

Altars:
Ru

Shops:
D:2 [


Innate Abilities, Weirdness & Mutations

You regenerate magic rapidly.


Message History

The steam dragon is moderately wounded.
The steam dragon bites you. The steam dragon closely misses you.
You hit the steam dragon but do no damage.
The steam dragon is moderately wounded.
The steam dragon bites you. The steam dragon barely misses you.
You barely miss the steam dragon.
The steam dragon is moderately wounded.
The steam dragon breathes steam at you. The ball of steam misses you.
You hear a shout!
You hit the steam dragon.
The steam dragon is moderately wounded.
You are engulfed in a cloud of scalding steam.
You are too injured to fight recklessly!
You are too injured to fight recklessly!
You are too injured to fight recklessly!
You are too injured to fight recklessly!
You are too injured to fight recklessly!
You are engulfed in a cloud of scalding steam.
* * * LOW HITPOINT WARNING * * *
The steam dragon bites you.
* * * LOW HITPOINT WARNING * * *
The steam dragon barely misses you.
You climb upwards.
There is a stone staircase leading down here.
A red film seems to cover your vision as you go berserk!
You feel yourself moving faster!
You feel mighty! The steam dragon bites you.
* * * LOW HITPOINT WARNING * * *
The steam dragon claws you but does no damage.
You hit the steam dragon. You drain the steam dragon.
The steam dragon is heavily wounded.
The steam dragon bites you.
* * * LOW HITPOINT WARNING * * *
The steam dragon claws you but does no damage.
You hit the steam dragon but do no damage.
You drain the steam dragon.
The steam dragon is severely wounded.
The steam dragon breathes steam at you. The ball of steam hits you!
You die...

...# #.#.#.#.# ##.########
####...#.#..
..........############....#.#.#.#
###.#####...........##.##.#.†.†.#
# #.###############.##.##.#######
# #.##...##########.##.###...[...
# #.##.#..†......##.##.# #####.#.
#.##...#######D#...#.# #...
###.###.########@......# #.##
...............###.....# #.#
....###.######.# #.##..# #.#
#######..## #.###.##..# #.##
..........# #.##.#....#######.##
###..#########...###...........##
# ###.........###........########
# #§≈≈≈§≈≈§.#.............## #
#####§..≈≈≈.§≈###............# #


You could see a steam dragon (catching breath, very drained).

Vanquished Creatures
  An adder (D:3)
  3 worms
  A dart slug (D:2)
  4 ball pythons
  6 bats
  3 endoplasms
  5 giant cockroaches
  3 goblins
  3 hobgoblins
  2 kobolds
  A quokka (D:2)
  4 frilled lizards
  3 rats
39 creatures vanquished.

Notes
Turn   | Place    | Note
-------+----------+-------------------------------------------
     0 | Abyss:1  | Demigod47 the Demonspawn Abyssal Knight began the quest for
                  | the Orb.
     0 | Abyss:1  | Reached XP level 1. HP: 18/18 MP: 2/2
     1 | D:1      | Escaped the Abyss
   314 | D:1      | Gained mutation: You regenerate magic rapidly. [demonic
                  | ancestry]
   314 | D:1      | Reached XP level 2. HP: 24/24 MP: 3/3
   709 | D:2      | Found a faded altar of an unknown god.
  1003 | D:2      | Found Noher's Antique Armour Boutique.
  1309 | D:2      | Reached XP level 3. HP: 26/29 MP: 4/4
  1723 | D:3      | Found a sacrificial altar of Ru.
  1781 | D:3      | Reached *** piety under Lugonu
  2154 | D:3      | Reached skill level 1 in Dodging
  2507 | D:4      | Noticed a steam dragon
  2518 | D:3      | HP: 2/45 [steam dragon (6)]
  2520 | D:3      | Killed from afar by a steam dragon

Illustrated notes

Levels and vault maps discovered:
D:1:      amcnicky_arrival_abandoned_market, layout_loops_ring
D:2:      layout_basic, serial_shops, nicolae_shop_stone,
          nicolae_ecumenical_pavilion
D:3:      layout_loops_ring, mainiacjoe_overflow_paths,
          cheibrodos_sewer_entry_bend, minmay_checkerbox
D:4:      minmay_opposing_rooms, layout_loops_ring, temple_pool_b,
          enter_ossuary_5

Skill      XL: |  1  2  3 |
---------------+----------+-----
Armour         | 2 |  2.2
Short Blades   | 2 |  2.7
Dodging        | 1 |  1.0
Fighting       | |  3.8
Stealth        | |  0.2
Invocations    | |  2.4

Action                   || total
-------------------------++-------
Melee: Dagger            ||   140
  Use: Scroll            ||     3
       Potion            ||     1
Armor: Ring mail         ||    11
       Scale mail        ||    58
Dodge: Dodged            ||    71
